Map: New Richmond

Players

TimeTwist

  • Race: Zerg Zerg
  • Spawn Location: 11:00

Myran - Winner!

  • Race: Protoss Protoss
  • Spawn Location: 5:00

dallaskuken

  • Race: Protoss Protoss
  • League: Platinum
  • Spawn Location: 3:00

FrogMint

  • Race: Zerg Zerg
  • Spawn Location: 12:00

Loken - Winner!

  • Race: Zerg Zerg
  • League: Platinum
  • Spawn Location: 6:00

Scaramanga - Winner!

  • Race: Terran Terran
  • Spawn Location: 7:00

VOD

Have the link to the VOD?

Description

Time

  • Played on: March 16, 2017, 6:49 p.m.
  • Length: 14:20
Show
View Real Time Build Order
Export as new Build Order

TimeTwist Zerg 

Build Orders: Pool First 

Get SALT Encoding   

  12  0:01  Drone  
  13  0:12  Overlord  
  13  0:17  Drone  
  14  0:31  Drone x2  
  14  0:35  Extractor  
  15  0:43  Drone  
  15  0:46  Drone  
  17  0:58  Spawning Pool, Drone  
  17  1:07  Drone  
  18  1:17  Drone  
  19  1:28  Overlord  
  19  1:40  Hatchery  
  19  1:45  Metabolic Boost  
  18  1:51  Queen  
  20  2:00  Drone  
  20  2:01  Drone  
  22  2:02  Drone  
  24  2:15  Zergling x2  
  24  2:24  Zergling x2  
  24  2:26  Queen  
  27  2:33  Overlord  
  27  2:47  Zergling x2  
  28  2:57  Drone  
  29  2:59  Queen  
  29  3:00  Drone x3  
  29  3:02  Zergling x2  
  35  3:19  Zergling x2  
  36  3:20  Zergling x6  
  38  3:43  Overlord  
  38  3:45  Drone x5  
  43  3:49  Hatchery, Lair  
  40  4:10  Zergling x2  
  40  4:11  Zergling x14  
  40  4:12  Zergling x4  
  50  4:29  Zergling x4  
  52  4:39  Overlord x2  
  52  4:42  Spore Crawler  
  52  4:45  Spore Crawler  
  50  4:49  Baneling Nest  
  50  4:50  Drone  
  50  4:51  Drone  
  51  5:06  Drone x4  
  39  5:29  Zergling x4  
  39  5:31  Zergling x6  
  39  5:32  Zergling x8  
  39  5:35  Centrifical Hooks  
  48  5:38  Drone  
  48  5:39  Extractor  
  48  5:42  Extractor  
  47  5:44  Extractor  
  46  5:51  Drone  
  46  5:52  Drone x2  
  49  6:05  Drone x5  
  49  6:06  Hatchery  
  53  6:24  Baneling x5  
  52  6:42  Zergling x4  
  52  6:43  Zergling x14  
  52  6:44  Zergling x14  
  64  6:54  Baneling x5  
  64  7:02  Drone x2  
  63  7:20  Hatchery  
  62  7:23  Spire  
  62  7:25  Drone x4  
  62  7:27  Baneling x3  
  62  7:28  Baneling x6  
  62  7:29  Baneling  
  65  7:32  Drone  
  65  7:33  Drone x7, Overlord  
  65  7:35  Overlord x2  
  55  8:13  Hydralisk Den  
  55  8:17  Spore Crawler  
  53  8:20  Spore Crawler  
  53  8:22  Spore Crawler  
  53  8:26  Spore Crawler  
  50  8:28  Zergling x8  
  50  8:29  Zergling x12  
  50  8:30  Zergling x14  
  67  8:47  Zergling x10  
  67  8:48  Zergling x14  
  77  8:49  Muscular Augments  
  78  9:14  Baneling x3  
  78  9:15  Baneling x8  
  78  9:16  Baneling x3  
  78  9:17  Baneling x4  
  78  9:18  Baneling x6  
  78  9:19  Baneling  
  60  10:06  Baneling x3  
  60  10:07  Baneling x8  
  59  10:08  Baneling x7  
  59  10:10  Zergling x8  
  59  10:11  Zergling x14  
  59  10:12  Zergling x12  
  59  10:13  Zergling x16  
  84  10:25  Drone  
  85  10:33  Baneling  
  85  10:34  Baneling x7  
  85  10:35  Baneling x2  
  76  10:54  Baneling x2  
  76  10:55  Baneling x3  
  76  10:56  Baneling x2  
  68  11:16  Baneling x7  
  68  11:17  Baneling x3  
  68  11:18  Zergling x12  
  68  11:19  Zergling x12  
  68  11:20  Zergling x4  
  68  11:22  Zergling x2  
  68  11:23  Zergling x12  
  85  11:38  Mutalisk x4  
  88  11:53  Zergling x12  
  88  11:54  Zergling x2  
  86  12:04  Overlord x2  
  66  12:10  Mutalisk  
  66  12:11  Mutalisk x2  
  58  12:43  Mutalisk  
  58  12:44  Mutalisk x5  
  59  13:10  Mutalisk x3  
  59  13:12  Zergling x8  
  67  13:13  Zergling x6  
Show
View Real Time Build Order
Export as new Build Order

Myran Protoss - Winner!

Build Orders:  

Get SALT Encoding   

  12  0:01  Probe (Chrono Boost)  
  13  0:12  Probe (Chrono Boost)  
  14  0:20  Pylon  
  14  0:23  Probe (Chrono Boost)  
  15  0:36  Assimilator  
  15  0:38  Probe (Chrono Boost)  
  16  0:50  Forge, Probe (Chrono Boost)  
  17  1:01  Probe (Chrono Boost)  
  18  1:08  Gateway  
  18  1:11  Probe (Chrono Boost)  
  19  1:22  Probe (Chrono Boost)  
  20  1:29  Photon Cannon  
  20  1:32  Probe (Chrono Boost)  
  21  1:36  Assimilator  
  21  1:43  Probe (Chrono Boost)  
  22  1:53  Probe (Chrono Boost)  
  23  2:05  Cybernetics Core  
  23  2:06  Pylon  
  23  2:24  Probe (Chrono Boost)  
  24  2:35  Pylon, Probe (Chrono Boost)  
  25  2:45  Probe (Chrono Boost)  
  26  2:56  Probe (Chrono Boost)  
  27  3:04  Stargate  
  27  3:05  Stargate  
  27  3:11  Photon Cannon  
  27  3:12  Probe (Chrono Boost)  
  28  3:31  Probe (Chrono Boost)  
  29  3:38  Robotics Facility  
  29  3:42  Probe (Chrono Boost)  
  29  3:45  Void Ray  
  30  3:49  Pylon  
  30  3:52  Void Ray  
  39  4:10  Probe (Chrono Boost)  
  39  4:23  Void Ray  
  39  4:26  Warp Prism  
  45  4:48  Pylon  
  45  4:52  Pylon  
  45  5:05  Void Ray  
  49  5:32  Void Ray  
  53  6:00  Void Ray  
  57  6:09  Void Ray  
  57  6:13  Pylon  
  57  6:17  Pylon  
  61  6:23  Pylon  
  57  6:43  Void Ray  
  57  6:45  Nexus  
  61  6:59  Void Ray  
  65  7:25  Pylon  
  65  7:39  Void Ray  
  69  7:54  Assimilator  
  69  7:57  Assimilator  
  69  8:01  Photon Cannon x2  
  69  8:08  Void Ray  
  73  8:15  Probe (Chrono Boost)  
  74  8:26  Probe (Chrono Boost), Void Ray  
  79  8:38  Probe (Chrono Boost)  
  80  8:50  Pylon, Probe (Chrono Boost)  
  80  8:51  Void Ray  
  80  8:52  Pylon  
  81  8:56  Pylon  
  85  9:37  Void Ray x2  
  89  10:45  Void Ray  
  85  10:57  Void Ray  
  81  11:00  Pylon  
  81  11:03  Pylon  
  81  11:07  Pylon  
  81  11:10  Pylon  
  81  11:24  Pylon  
  81  11:25  Pylon  
  81  11:28  Cybernetics Core  
  81  11:29  Photon Cannon  
  81  11:57  Void Ray  
  85  12:58  Void Ray  
  70  14:04  Probe (Chrono Boost)  
Show
View Real Time Build Order
Export as new Build Order

dallaskuken Protoss 

Build Orders:  

Get SALT Encoding   

  12  0:01  Probe (Chrono Boost)  
  13  0:12  Probe (Chrono Boost)  
  14  0:19  Pylon  
  14  0:23  Probe (Chrono Boost)  
  15  0:38  Probe (Chrono Boost)  
  15  0:40  Gateway  
  16  0:48  Probe (Chrono Boost)  
  17  0:54  Pylon  
  17  0:59  Probe (Chrono Boost)  
  17  1:00  Assimilator  
  18  1:09  Probe (Chrono Boost)  
  19  1:12  Assimilator  
  19  1:20  Probe (Chrono Boost)  
  20  1:30  Probe (Chrono Boost)  
  21  1:39  Cybernetics Core  
  21  1:41  Probe (Chrono Boost)  
  22  1:51  Probe (Chrono Boost)  
  25  1:54  Zealot  
  25  2:02  Probe (Chrono Boost)  
  26  2:12  Probe (Chrono Boost)  
  27  2:19  Warp Gate  
  27  2:23  Probe (Chrono Boost)  
  28  2:33  Stalker, Probe (Chrono Boost)  
  31  2:43  Pylon  
  31  2:55  Robotics Facility  
  31  3:02  Mothership Core (Chrono Boost)  
  32  3:13  Pylon  
  32  3:20  Probe (Chrono Boost)  
  33  3:29  Sentry  
  33  3:31  Probe (Chrono Boost)  
  37  3:41  Probe (Chrono Boost)  
  37  3:43  Observer  
  38  3:57  Gateway  
  38  3:58  Gateway  
  38  3:59  Gateway  
  38  4:05  Nexus  
  38  4:18  Immortal  
  42  4:57  Pylon  
  42  4:59  Pylon  
  40  5:28  Stalker x3  
  44  5:29  Stalker  
  48  5:43  Forge  
  48  5:52  Probe (Chrono Boost)  
  48  5:55  Probe (Chrono Boost)  
  50  5:59  Immortal  
  50  6:03  Probe (Chrono Boost)  
  55  6:05  Probe (Chrono Boost)  
  56  6:13  Stalker x2, Probe (Chrono Boost)  
  56  6:14  Stalker  
  56  6:16  Probe (Chrono Boost)  
  64  6:26  Probe (Chrono Boost)  
  64  6:27  Stalker  
  67  6:58  Stalker x2  
  67  6:59  Stalker x2  
  63  7:16  Probe (Chrono Boost)  
  64  7:26  Probe x2 (Chrono Boost)  
  66  7:32  Pylon  
  66  7:33  Pylon  
  66  7:36  Robotics Bay  
  66  7:37  Probe x2 (Chrono Boost)  
  68  7:38  Pylon  
  68  7:47  Probe (Chrono Boost)  
  68  7:48  Stalker x2  
  68  7:49  Stalker  
  68  7:50  Stalker  
  77  7:58  Probe (Chrono Boost)  
  78  8:08  Probe (Chrono Boost)  
  78  8:12  Stalker x2  
  81  8:13  Stalker  
  81  8:19  Assimilator, Probe (Chrono Boost)  
  86  8:22  Probe (Chrono Boost)  
  86  8:23  Assimilator  
  87  8:30  Probe (Chrono Boost)  
  87  8:32  Probe (Chrono Boost)  
  89  8:40  Probe (Chrono Boost)  
  89  8:51  Probe (Chrono Boost)  
  89  8:52  Stalker x3  
  96  9:01  Probe (Chrono Boost)  
  97  9:20  Stalker  
  97  9:21  Stalker  
  97  9:46  Stalker x2  
  73  11:01  Stalker x3  
  73  11:02  Stalker  
  63  11:31  Stalker  
  65  11:36  Sentry  
  65  11:37  Sentry  
  59  11:47  Zealot  
  55  11:56  Stalker  
  46  12:11  Adept  
  46  12:13  Adept  
  46  12:14  Adept  
  44  12:47  Adept x3  
  44  12:48  Adept  
  37  13:35  Pylon  
  37  13:38  Photon Cannon  
Show
View Real Time Build Order
Export as new Build Order

FrogMint Zerg 

Build Orders: Hatch First 

Get SALT Encoding   

  12  0:01  Drone  
  13  0:15  Overlord  
  13  0:18  Drone  
  14  0:33  Drone  
  14  0:34  Drone  
  16  0:38  Drone  
  17  1:00  Hatchery  
  16  1:09  Drone  
  17  1:12  Extractor  
  17  1:16  Spawning Pool, Drone  
  16  1:20  Drone  
  17  1:26  Drone  
  17  1:31  Drone  
  19  1:42  Drone  
  20  1:57  Overlord  
  20  2:03  Queen  
  22  2:14  Drone  
  23  2:16  Drone  
  23  2:17  Queen  
  23  2:19  Metabolic Boost  
  23  2:21  Drone  
  27  2:28  Drone  
  28  2:34  Spine Crawler  
  28  2:35  Drone x2  
  28  2:36  Drone  
  30  2:45  Drone  
  31  3:00  Zergling x2  
  31  3:01  Drone x2  
  34  3:07  Drone  
  35  3:14  Drone  
  35  3:16  Overlord x2  
  36  3:35  Roach Warren  
  36  3:37  Drone x3  
  36  3:39  Hatchery  
  37  3:43  Drone x3  
  40  3:57  Queen  
  40  3:58  Queen  
  40  4:02  Drone, Extractor  
  45  4:03  Drone x2  
  46  4:11  Drone  
  47  4:17  Drone x3  
  47  4:21  Roach  
  52  4:25  Overlord x2  
  52  4:34  Lair  
  52  4:48  Spore Crawler  
  52  4:50  Spore Crawler  
  50  4:58  Roach x5  
  50  4:59  Roach x2  
  64  5:04  Extractor  
  64  5:05  Drone x2  
  65  5:26  Drone  
  66  5:34  Overlord  
  66  5:35  Overlord x5  
  66  5:46  Overlord  
  66  5:52  Spore Crawler  
  66  5:56  Drone x7  
  66  5:57  Drone  
  73  6:01  Spore Crawler  
  72  6:13  Queen  
  72  6:17  Roach x6  
  86  6:31  Drone  
  87  6:34  Roach  
  87  6:35  Roach x3  
  95  6:47  Glial Reconstitution  
  95  6:48  Queen  
  95  6:52  Hydralisk Den  
  96  6:56  Drone, Spore Crawler  
  96  6:57  Drone  
  96  7:25  Hydralisk x7  
  96  7:26  Hydralisk x5  
  120  7:35  Extractor  
  119  7:43  Extractor  
  118  7:45  Drone x2, Extractor  
  118  7:49  Drone x3  
  122  7:52  Overlord x3  
  122  7:53  Overlord x2  
  122  8:06  Overlord x3  
  122  8:28  Hydralisk x9  
  122  8:32  Hatchery  
  135  8:51  Hydralisk x6  
  128  9:10  Spore Crawler  
  125  9:22  Hydralisk  
  125  9:23  Hydralisk x4  
  133  9:28  Drone x2  
  133  9:30  Spore Crawler  
  134  9:34  Spore Crawler  
  134  9:37  Spore Crawler  
  134  9:38  Spore Crawler  
  131  9:39  Spore Crawler  
  131  9:43  Spore Crawler  
  129  9:48  Hydralisk  
  129  9:49  Hydralisk x5  
  141  9:57  Hydralisk  
  143  10:05  Zergling x10  
  142  10:11  Muscular Augments  
  68  10:23  Hydralisk  
  68  10:24  Hydralisk x2  
  60  10:42  Queen  
  62  10:44  Drone x3  
  65  10:56  Hydralisk x6  
  77  11:18  Hydralisk x3  
  80  11:36  Hydralisk  
  80  11:37  Hydralisk x2  
  84  11:50  Hydralisk  
  84  11:51  Zergling x2  
  84  11:52  Zergling x4  
  57  12:01  Drone  
  57  12:08  Drone x4  
  44  12:46  Drone  
  44  12:48  Zergling x2  
  27  13:18  Hydralisk x8  
  43  13:52  Hydralisk  
  43  13:53  Hydralisk x2  
  49  13:56  Zergling x2  
Show
View Real Time Build Order
Export as new Build Order

Loken Zerg - Winner!

Build Orders: Hatch First 

Get SALT Encoding   

  12  0:01  Drone  
  13  0:09  Drone  
  14  0:18  Overlord  
  14  0:36  Drone x2  
  14  0:37  Drone  
  17  0:54  Hatchery  
  16  0:58  Drone  
  16  1:03  Drone  
  18  1:15  Spawning Pool  
  18  1:17  Drone  
  18  1:25  Drone  
  19  1:33  Extractor  
  19  1:34  Drone  
  19  1:49  Drone  
  19  1:51  Overlord  
  20  2:03  Queen  
  20  2:06  Queen  
  24  2:10  Zergling x4  
  26  2:20  Drone  
  26  2:21  Drone  
  28  2:28  Drone  
  29  2:31  Drone  
  30  2:38  Drone  
  31  2:56  Spine Crawler  
  30  2:58  Spine Crawler  
  30  3:00  Zergling x2  
  30  3:01  Zergling x6  
  30  3:03  Metabolic Boost  
  33  3:21  Zergling x2  
  33  3:22  Zergling x4  
  33  3:24  Overlord  
  33  3:25  Overlord x2  
  36  3:29  Lair  
  36  3:37  Extractor  
  35  3:42  Zergling x2  
  35  4:00  Drone x3  
  35  4:01  Drone x7  
  45  4:25  Zergling x18  
  54  4:31  Extractor  
  54  4:37  Extractor  
  52  4:45  Spire  
  51  4:48  Drone x4  
  51  4:51  Drone  
  51  4:52  Drone x3  
  59  4:59  Overlord x2  
  59  5:09  Overlord x2  
  46  5:31  Drone x10  
  56  5:43  Hatchery  
  55  6:13  Mutalisk  
  55  6:14  Mutalisk x5  
  55  6:18  Mutalisk x3  
  69  6:21  Mutalisk  
  75  6:35  Drone  
  75  6:36  Drone x3  
  79  6:43  Zerg Flyer Weapons Level 1  
  74  6:58  Extractor  
  74  6:59  Extractor  
  74  7:00  Drone x6  
  74  7:01  Drone x2  
  80  7:09  Mutalisk x3  
  86  7:19  Queen  
  88  7:27  Mutalisk x3  
  94  7:35  Infestation Pit  
  93  7:49  Zergling x2  
  93  7:50  Zergling x8  
  98  7:52  Overlord x5  
  69  8:13  Drone x5  
  69  8:15  Queen  
  69  8:16  Queen  
  69  8:19  Drone  
  79  8:20  Drone x6  
  58  9:33  Mutalisk  
  58  9:34  Mutalisk x11  
  80  9:43  Drone  
  80  9:44  Drone x3  
  76  10:30  Zergling x6  
  76  10:31  Zergling x30  
  76  10:34  Hive  
  86  11:05  Drone  
  86  11:06  Drone x7  
  94  11:17  Extractor  
  89  11:46  Adrenal Glands  
  85  11:49  Zergling x2  
  85  11:50  Zergling x28  
  95  12:09  Hatchery  
  88  12:50  Mutalisk  
  88  12:51  Mutalisk x14  
  104  13:15  Evolution Chamber  
  104  13:16  Evolution Chamber  
  104  13:18  Evolution Chamber  
  101  13:23  Drone x4  
  101  13:24  Drone  
  106  13:43  Drone  
  106  13:44  Drone x8  
Show
View Real Time Build Order
Export as new Build Order

Scaramanga Terran - Winner!

Build Orders: MMM Bio 

Get SALT Encoding   

  12  0:01  SCV  
  13  0:13  SCV  
  14  0:17  Supply Depot  
  14  0:25  SCV  
  15  0:40  Barracks  
  15  0:42  SCV  
  16  0:53  Barracks  
  16  0:54  SCV  
  17  1:01  Refinery  
  17  1:06  SCV  
  18  1:18  SCV  
  19  1:31  Orbital Command, Marine  
  20  1:41  Marine, Supply Depot  
  21  1:49  Marine  
  22  1:56  SCV  
  23  2:07  Marine  
  25  2:08  SCV  
  25  2:09  Barracks Tech Lab  
  25  2:21  Command Center  
  25  2:24  SCV  
  25  2:25  Marine  
  27  2:31  Supply Depot  
  27  2:34  Concussive Shells  
  27  2:36  SCV  
  28  2:40  Marauder  
  30  2:45  Marine  
  31  2:53  SCV  
  32  3:01  Marauder  
  32  3:03  Marine  
  32  3:05  SCV  
  37  3:20  SCV  
  36  3:27  Refinery  
  36  3:32  SCV  
  37  3:36  Orbital Command  
  37  3:39  Refinery  
  37  3:40  Stimpack  
  37  3:44  Factory  
  37  3:45  SCV  
  37  3:46  Barracks  
  38  3:52  Marine  
  38  3:53  Marine  
  40  3:58  SCV  
  42  4:02  SCV  
  42  4:10  SCV  
  42  4:15  SCV, Marine  
  42  4:16  Marauder  
  47  4:22  SCV, Supply Depot  
  48  4:26  Supply Depot  
  48  4:27  SCV  
  48  4:28  Factory Reactor  
  49  4:32  Starport  
  49  4:33  Barracks Reactor  
  49  4:34  SCV  
  50  4:39  SCV  
  50  4:44  Barracks Reactor  
  51  4:46  SCV, Engineering Bay  
  51  4:49  Engineering Bay  
  51  4:51  SCV  
  53  4:58  SCV  
  54  5:03  SCV  
  55  5:11  Marine  
  55  5:12  Marine  
  55  5:13  Marauder  
  59  5:16  Factory Tech Lab  
  59  5:19  SCV x2  
  61  5:24  Medivac x2  
  61  5:25  Marine  
  61  5:26  Marine  
  67  5:29  Marine x2  
  67  5:31  SCV  
  70  5:36  Supply Depot  
  70  5:39  Refinery, Supply Depot  
  70  5:41  Combat Shields  
  70  5:57  Marine x2, Medivac x2  
  70  5:58  SCV x2, Supply Depot  
  70  6:01  Barracks  
  78  6:23  SCV x2  
  80  6:34  Terran Infantry Armor Level 1, Terran Infantry Weapons Level 1  
  80  6:35  SCV x2  
  80  6:37  Armory, Marine  
  80  6:38  Marauder, Marine x2, Command Center  
  74  7:17  Marine  
  74  7:18  Marauder, Marine x4  
  74  7:22  Medivac x2  
  85  7:35  Marine x2  
  85  7:36  Marine  
  88  7:39  Marauder  
  88  7:40  SCV x2  
  92  7:50  Siege Tank  
  95  7:52  SCV x2  
  97  7:59  Orbital Command  
  97  8:00  Marauder  
  97  8:03  Missile Turret  
  99  8:11  Missile Turret, Marine  
  99  8:12  Barracks Reactor  
  99  8:19  Medivac  
  101  8:20  Barracks, Medivac  
  101  8:22  Marauder, Siege Tank  
  101  8:23  Factory  
  108  8:28  Terran Infantry Weapons Level 2  
  108  8:30  Terran Infantry Armor Level 2  
  108  8:34  Refinery  
  108  8:36  Refinery  
  108  8:37  SCV  
  109  9:01  Supply Depot  
  109  9:03  Supply Depot  
  109  9:04  Marine  
  109  9:05  Marine  
  109  9:06  SCV, Marine  
  109  9:10  Supply Depot  
  109  9:22  SCV x3, Marine x5  
  117  9:24  Supply Depot  
  117  9:25  Marine x2, Siege Tank  
  117  9:30  Supply Depot  
  122  9:33  Supply Depot  
  122  9:34  SCV  
  106  9:40  Marine x5  
  106  9:42  Marine x2  
  102  9:58  Marine x5  
  87  10:00  Marine x2  
  83  10:15  Marine x4  
  83  10:16  Marine  
  83  10:18  Marine  
  83  10:26  Marine  
  84  10:33  Marine x5  
  89  10:36  Barracks Reactor, Marine  
  89  10:39  Factory Tech Lab  
  90  10:44  Marine  
  91  10:52  Marauder  
  93  11:00  Siege Tank x2  
  98  11:13  Marauder  
  100  11:26  Marine x3  
  100  11:27  Marine x4  
  100  11:28  Medivac x2  
  100  11:30  Command Center  
  111  11:32  Siege Tank  
  111  11:33  Siege Tank  
  111  11:34  Marauder  
  86  11:56  Marauder  
  86  11:58  Medivac  
  86  12:14  Marine x3  
  86  12:15  Marine x4  
  92  12:17  Missile Turret  
  92  12:31  Marine x2  
  92  12:32  Marine x3  
  96  12:41  Marine x3  
  96  12:43  Marine  
  100  12:49  Marine x2  
  102  12:56  Siege Tank x2  
  108  13:05  Command Center  
  108  13:18  Supply Depot  
  108  13:28  Marine x2  
  108  13:29  Marine x2  
  112  13:40  Supply Depot  
Tags
 
Add a new tag
Caveats
  • Supply blocks, unpowered buildings, or Contaminate may cause inaccurate times.
  • Supply counts are checked every 10 seconds.